Map: Para Site LE

Players

tonton

  • Race: Terran Terran
  • Spawn Location: 11:00

Mesrob - Winner!

  • Race: Terran Terran
  • League: Gold
  • Spawn Location: 5:00

VOD

Have the link to the VOD?

Description

Time

  • Played on: Jan. 16, 2019, 6:26 p.m.
  • Length: 14:10
Show
View Real Time Build Order
Export as new Build Order

tonton Terran 

Build Orders:  

Get SALT Encoding   

  12  0:01  SCV  
  13  0:13  SCV  
  14  0:21  Supply Depot  
  14  0:25  SCV  
  15  0:43  SCV  
  16  0:51  Barracks  
  16  0:58  SCV  
  17  1:10  SCV  
  18  1:22  SCV, Barracks  
  19  1:34  SCV  
  20  1:40  Supply Depot  
  20  1:44  Marine  
  21  2:02  Marine  
  21  2:05  Command Center  
  22  2:20  Marine  
  23  2:38  Marine  
  23  2:39  Supply Depot  
  24  2:58  Barracks  
  24  3:03  Refinery  
  24  3:06  Marine x2, Barracks  
  26  3:22  Orbital Command  
  26  3:24  Marine x2  
  28  3:29  Refinery  
  28  3:31  Bunker  
  28  3:42  Marine x2  
  28  3:48  SCV  
  31  3:59  Marine  
  31  4:00  Marine, SCV  
  34  4:12  SCV  
  35  4:17  Marine  
  35  4:18  Marine  
  35  4:19  Marine  
  35  4:20  Marine  
  39  4:24  SCV  
  40  4:34  Supply Depot  
  40  4:35  Marine  
  40  4:36  Marine, SCV x2  
  40  4:37  Marine  
  40  4:38  Marine  
  46  4:48  SCV  
  46  4:49  SCV  
  48  4:53  Marine x2  
  48  4:55  Marine  
  48  4:56  Marine  
  52  5:01  SCV  
  53  5:10  Factory  
  53  5:11  Marine x2  
  53  5:13  Marine x2, SCV  
  58  5:25  Factory, SCV  
  59  5:36  Refinery  
  59  5:37  SCV x2  
  61  5:49  SCV  
  62  6:16  Starport  
  62  6:22  Starport  
  62  6:24  SCV  
  62  6:26  Starport  
  43  6:33  Starport  
  43  6:36  SCV  
  40  6:42  Factory Tech Lab  
  40  6:46  Marine  
  41  6:47  Marine x3  
  41  6:49  SCV  
  45  7:04  Marine x2  
  45  7:05  Marine x2, Viking  
  45  7:06  Viking  
  45  7:07  Viking  
  55  7:20  Refinery  
  55  7:22  Marine x4  
  59  7:30  Starport Tech Lab  
  59  7:40  Marine x3  
  59  7:43  Starport Tech Lab x2  
  62  7:45  Starport Tech Lab  
  62  7:55  Factory Tech Lab  
  62  7:56  Supply Depot  
  62  8:18  Marine x4, Banshee  
  69  8:20  Supply Depot  
  69  8:36  Marine  
  70  8:41  Banshee x2  
  70  8:42  SCV  
  70  8:43  Supply Depot  
  77  8:49  Command Center  
  77  8:54  SCV  
  78  8:59  Fusion Core  
  78  9:04  Banshee x2  
  78  9:06  Supply Depot, SCV  
  85  9:27  Cloaking Field  
  85  9:30  Supply Depot  
  85  9:47  Banshee  
  85  9:51  Banshee  
  85  9:52  Banshee x2  
  97  9:53  Supply Depot  
  97  10:19  Refinery  
  97  10:30  Banshee  
  97  10:35  Battlecruiser  
  106  10:44  Refinery  
  112  10:50  Battlecruiser  
  112  10:58  SCV  
  113  11:10  SCV  
  114  11:22  SCV  
  115  11:34  SCV  
  116  11:46  SCV  
Show
View Real Time Build Order
Export as new Build Order

Mesrob Terran - Winner!

Build Orders: Mech 

Get SALT Encoding   

  12  0:00  SCV  
  13  0:13  SCV  
  14  0:17  Supply Depot  
  14  0:25  SCV  
  15  0:38  SCV  
  15  0:39  Barracks  
  16  0:50  Refinery, SCV  
  17  1:03  SCV  
  18  1:15  SCV  
  19  1:27  Orbital Command  
  19  1:38  Command Center  
  19  1:39  Marine  
  20  1:55  Bunker  
  20  2:01  SCV  
  21  2:10  Factory  
  21  2:13  SCV  
  21  2:28  Barracks Tech Lab  
  21  2:29  SCV  
  22  2:41  SCV  
  23  2:46  Command Center  
  23  2:57  Supply Depot  
  23  3:03  Orbital Command  
  23  3:06  Siege Tank  
  26  3:17  SCV  
  27  3:29  SCV  
  28  3:34  Supply Depot  
  28  3:38  Siege Tank  
  31  3:43  Engineering Bay  
  31  3:52  SCV  
  32  3:58  Refinery  
  32  4:01  Refinery  
  32  4:04  SCV  
  33  4:17  Orbital Command, Missile Turret  
  33  4:18  SCV x2, Armory  
  35  4:32  SCV  
  36  4:43  Factory  
  36  4:44  SCV  
  37  4:56  SCV  
  37  4:57  Orbital Command  
  38  5:01  Refinery  
  38  5:05  Widow Mine  
  40  5:15  Marine  
  41  5:26  Factory  
  41  5:28  Factory  
  41  5:30  Siege Tank  
  44  5:43  SCV  
  44  5:44  SCV x2  
  47  5:55  SCV  
  47  5:56  SCV x2  
  50  5:57  Terran Vehicle Weapons Level 1  
  50  6:01  Armory  
  50  6:02  Missile Turret  
  50  6:07  SCV  
  50  6:08  SCV  
  50  6:09  SCV  
  53  6:15  Factory Reactor x2  
  53  6:17  Factory Tech Lab  
  53  6:19  SCV  
  53  6:20  SCV  
  53  6:21  SCV  
  53  6:22  Factory  
  56  6:25  Factory  
  56  6:31  SCV  
  57  6:33  SCV  
  58  6:40  Bunker  
  58  6:43  SCV x2  
  58  6:45  SCV  
  61  6:47  Refinery  
  61  6:51  Thor  
  67  6:54  Hellbat  
  67  6:59  Supply Depot  
  69  7:02  Supply Depot  
  69  7:03  Supply Depot  
  69  7:07  Terran Vehicle And Ship Armor Level 1  
  69  7:20  Factory Tech Lab x2  
  69  7:21  Hellion, Hellbat, SCV x3  
  76  7:24  Hellion  
  76  7:27  Supply Depot x2  
  76  7:29  Supply Depot  
  78  7:31  Sensor Tower  
  78  7:33  SCV x2  
  78  7:36  Missile Turret, SCV  
  81  7:37  Refinery  
  81  7:45  SCV, Thor  
  81  7:48  SCV  
  81  7:49  Supply Depot  
  89  7:52  SCV  
  89  7:57  SCV  
  91  8:00  SCV  
  91  8:04  SCV  
  93  8:07  Sensor Tower  
  93  8:08  Thor  
  93  8:09  SCV  
  93  8:11  Hellion x2  
  93  8:12  Supply Depot  
  104  8:13  SCV  
  104  8:14  Hellion  
  104  8:15  Hellion  
  104  8:16  SCV  
  104  8:19  Terran Vehicle Weapons Level 2  
  110  8:21  SCV  
  110  8:25  SCV  
  112  8:35  Supply Depot, Thor  
  118  8:55  Command Center  
  118  9:00  Supply Depot  
  118  9:01  SCV  
  119  9:03  SCV x2  
  121  9:10  Command Center  
  121  9:13  SCV  
  122  9:19  Factory  
  122  9:22  Factory  
  122  9:24  Supply Depot  
  122  9:26  Thor x2  
  134  9:55  Thor  
  134  9:56  Thor  
  134  9:57  Hellbat  
  134  9:58  Hellbat  
  134  9:59  Hellion x2  
  154  10:09  Factory  
  154  10:11  Supply Depot  
  154  10:12  Factory  
  154  10:25  Refinery, Supply Depot  
  154  10:27  Factory Reactor  
  154  10:29  Factory Tech Lab  
  154  10:32  Planetary Fortress  
  154  10:35  Supply Depot  
  154  10:43  SCV x3  
  154  10:49  Supply Depot  
  157  10:50  Refinery  
  157  10:53  Thor x3  
  157  10:54  Thor  
  157  10:55  SCV  
  157  10:56  Hellbat  
  184  10:59  Supply Depot  
  184  11:01  Factory Tech Lab  
  184  11:02  Factory Reactor  
  184  11:22  Missile Turret  
  184  11:25  Missile Turret  
  184  11:27  Planetary Fortress  
  184  11:30  Missile Turret  
  184  11:42  Thor x2  
  184  11:43  Missile Turret  
  196  11:49  Supply Depot, Command Center  
  196  11:53  Supply Depot  
  196  12:07  Supply Depot  
  196  12:15  Supply Depot  
  196  12:20  Supply Depot  
  174  13:06  Thor x2  
  174  13:07  Thor x2  
  198  13:20  Missile Turret  
  198  13:21  Missile Turret  
  198  13:25  Missile Turret  
Tags
 
Composition
Mech
League
Gold
Matchup
TvT
Race
Terran
Replay Pack
sc2 replays
Spawn Locations
Cross Positions
Add a new tag
Caveats
  • Supply blocks, unpowered buildings, or Contaminate may cause inaccurate times.
  • Supply counts are checked every 10 seconds.